 Dungeon Crawl Stone Soup version 0.27-a0-1036-g8e1b44f6bd (webtiles) character file.

Game seed: 6518618083508066513

132461 tilp the Covert (level 17, -4/93 HPs)
             Began as a Vine Stalker Brigand on Apr 18, 2021.
             Was an Initiate of Uskayaw.
             Slain by a sea snake (9 damage)
             ... on level 2 of the Shoals.
             The game lasted 01:07:32 (27980 turns).

tilp the Covert (Vine Stalker Brigand)             Turns: 27980, Time: 01:07:33

Health: -4/93      AC: 21    Str: 21    XL:     17   Next: 12%
Magic:  0/45       EV: 19    Int: 11    God:    Uskayaw [......]
Gold:   1697       SH: 11    Dex: 25    Spells: 16/16 levels left

rFire    . . .     SeeInvis .   a - +9 dagger (elec)
rCold    . . .     Faith    .   e - +0 kite shield {reflect}
rNeg     . . .     Spirit   +   R - +2 troll leather armour of Disaster {Will+ Regen+ Str+4 Dex+5}
rPois    +         Reflect  +   g - +2 helmet
rElec    +         Harm     .   E - +3 cloak of Ytom {rElec rPois}
rCorr    .         Rampage  .   l - +2 pair of gloves
Will     +++..                  t - +2 pair of boots
Stlth    +++.......             M - amulet of the acrobat
HPRegen  2.25/turn              I - ring of magical power
MPRegen  0.29/turn              u - ring of magical power

@: very slow
A: fangs 3, regeneration 1, magic shield, antimagic bite, no potion heal 2
a: Renounce Religion


You were on level 2 of the Shoals.
You worshipped Uskayaw.
Uskayaw was pleased with you.
You visited 5 branches of the dungeon, and saw 26 of its levels.
You also visited: Sewer, Ossuary and Ice Cave.

You collected 3790 gold pieces.
You spent 2093 gold pieces at shops.

Inventory:

Hand Weapons
 a - a +9 dagger of electrocution (weapon)
 b - a +4 scimitar of flaming
Missiles
 d - 64 poisoned darts (quivered)
 s - 66 boomerangs
 F - a throwing net {!f}
 O - 7 atropa-tipped darts
 X - a curare-tipped dart {!f}
Armour
 e - a +0 kite shield of reflection (worn)
 g - a +2 helmet (worn)
 l - a +2 pair of gloves (worn)
 t - a +2 pair of boots (worn)
 D - a scarf of invisibility
 E - the +3 cloak of Ytom (worn) {rElec rPois}
   (You found it on level 14 of the Dungeon)

   It insulates you from electricity.
   It protects you from poison.
 R - the +2 troll leather armour of Disaster (worn) {Will+ Regen+ Str+4 Dex+5}
   (You bought it in a shop on level 2 of the Orcish Mines)

   It affects your strength (+4).
   It affects your dexterity (+5).
   It increases your rate of health regeneration.
   It increases your willpower.
 Y - the +7 chain mail "Taphucwy" {rF+ rN+ Int+3 Stlth+}
   (You bought it in a shop on level 2 of the Orcish Mines)

   It affects your intelligence (+3).
   It protects you from fire.
   It protects you from negative energy.
   It makes you more stealthy.
 Z - a +2 cloak of stealth
Jewellery
 f - a ring of fire
 m - an amulet of reflection
 u - a ring of magical power (right hand)
 I - a ring of magical power (left hand)
 M - an amulet of the acrobat (around neck)
 Q - a ring of protection from cold
 W - the ring "Tuosuing" {+Blink Fly rCorr Str-4 SInv}
   (You bought it in a shop on level 2 of the Orcish Mines)

   [ring of flight]

   It affects your strength (-4).
   It lets you see invisible.
   It grants you flight.
   It lets you blink.
   It protects you from acid and corrosion.
Wands
 k - a wand of acid (13)
 y - a wand of iceblast (12)
 J - a wand of digging (14)
 S - a wand of paralysis (16)
 T - a wand of flame (42)
Scrolls
 c - a scroll of silence
 h - 7 scrolls of blinking
 i - 12 scrolls of teleportation
 n - 3 scrolls of brand weapon
 q - 2 scrolls of summoning
 v - 3 scrolls of fear
 C - 3 scrolls of holy word
 U - 2 scrolls of fog
 V - 3 scrolls of magic mapping
Potions
 j - 22 potions of curing
 o - 2 potions of might
 p - 6 potions of mutation
 r - 3 potions of ambrosia
 w - 6 potions of attraction
 z - 8 potions of lignification
 A - a potion of flight
 B - 2 potions of cancellation
 G - 4 potions of invisibility
 K - 3 potions of haste
 L - a potion of magic
 P - 2 potions of berserk rage
Miscellaneous
 x - a lightning rod (4/4)
 H - a tin of tremorstones (2/2)
 N - a condenser vane


   Skills:
 + Level 12.3 Fighting
 + Level 12.3 Short Blades
 - Level 1.7 Throwing
 + Level 6.8 Armour
 + Level 10.4 Dodging
 + Level 12.8 Stealth
 + Level 5.3 Shields
 + Level 12.4 Invocations
 + Level 9.1 Evocations


You had 16 spell levels left.
You didn't know any spells.
Your spell library contained the following spells:

 Spells                   Type           Power      Damage    Failure   Level
 Animate Skeleton         Necr           0%         N/A       82%         1
 Magic Dart               Conj           0%         1d3       82%         1
 Pain                     Necr           0%         1d4       82%         1
 Shock                    Conj/Air       0%         1d3       82%         1
 Sting                    Tmut/Pois      0%         1d3       82%         1
 Summon Small Mammal      Summ           0%         N/A       82%         1
 Call Imp                 Summ           0%         N/A       91%         2
 Ensorcelled Hibernation  Hex/Ice        0%         N/A       91%         2
 Poisonous Vapours        Pois/Air       0%         N/A       91%         2
 Searing Ray              Conj           0%         3d3       91%         2
 Static Discharge         Conj/Air       0%         N/A       91%         2
 Call Canine Familiar     Summ           0%         N/A       99%         3
 Dazzling Flash           Conj/Hex       0%         N/A       99%         3
 Ignite Poison            Fire/Tmut/Pois 0%         N/A       99%         3
 Mephitic Cloud           Conj/Pois/Air  0%         N/A       99%         3
 Summon Guardian Golem    Hex/Summ       0%         N/A       99%         3
 Swiftness                Air            0%         N/A       99%         3
 Vampiric Draining        Necr           0%         2d6       99%         3
 Airstrike                Air            0%         N/A       100%        4
 Animate Armour           Summ/Erth      0%         N/A       100%        4
 Animate Dead             Necr           0%         N/A       100%        4
 Cause Fear               Hex            0%         N/A       100%        4
 Fulminant Prism          Conj/Hex       0%         3d6       100%        4
 Iskenderun's Mystic Bla  Conj/Tloc      0%         2d3       100%        4
 Olgreb's Toxic Radiance  Pois           0%         N/A       100%        4
 Summon Ice Beast         Ice/Summ       0%         N/A       100%        4
 Summon Lightning Spire   Summ/Air       0%         N/A       100%        4
 Agony                    Necr           0%         N/A       100%        5
 Borgnjor's Vile Clutch   Necr/Erth      0%         N/A       100%        5
 Lightning Bolt           Conj/Air       0%         1d11      100%        5
 Silence                  Hex/Air        0%         N/A       100%        5
 Summon Forest            Summ/Tloc      0%         N/A       100%        5
 Summon Mana Viper        Hex/Summ       0%         N/A       100%        5
 Yara's Violent Unravell  Hex/Tmut       0%         3d3       100%        5
 Death Channel            Necr           0%         N/A       100%        6
 Shadow Creatures         Summ           N/A        N/A       100%        6
 Simulacrum               Ice/Necr       0%         N/A       100%        6
 Summon Hydra             Summ           0%         N/A       100%        7
 Discord                  Hex            0%         N/A       100%        8


Dungeon Overview and Level Annotations

Branches:
Dungeon (15/15)            Temple (1/1) D:6            Lair (6/6) D:11
 Shoals (2/4) Lair:4       Spider (0/4) Lair:2        Slime (0/5) Lair:6
    Orc (2/2) D:10            Elf (0/3) Orc:2        Vaults (0/5) D:14
 Depths (0/5) D:15          Sewer (visited)         Ossuary (visited)
  IceCv (visited)

Altars:
Ashenzari
Cheibriados
Dithmenos
Elyvilon
Fedhas
Gozag
Hepliaklqana
Kikubaaqudgha
Makhleb
Nemelex Xobeh
Okawaru
Qazlal
Ru
Sif Muna
Trog
Uskayaw
Vehumet
Wu Jian
Xom
Yredelemnul
Zin
The Shining One
Beogh

Shops:
Orc:1 *   Orc:2 [!:?*

Annotations:
D:12 1 runed translucent door, Dawnonicku's ghost, journeyman DrBe
Lair:2 3 runed translucent doors, ma3's ghost, journeyman OpTm


Innate Abilities, Weirdness & Mutations

You have razor-sharp teeth.
Your natural rate of healing is unusually fast.
When hurt, damage is shared between your health and your magic reserves.
Your bite disrupts and absorbs the magic of your enemies.
Potions cannot restore your health.


Message History

Unknown command.
You barely miss the merfolk avatar. You bite the merfolk avatar.
The merfolk avatar's magic leaks into the air.
You drain its magic.
You feel invigorated.
The merfolk avatar is almost dead.
The drowned soul touches you. The drowned soul drowns you!
* * * LOW HITPOINT WARNING * * *
You block the drowned soul's attack. The drowned soul touches you.
* * * LOW HITPOINT WARNING * * *
The drowned soul drowns you!
* * * LOW HITPOINT WARNING * * *
You block the sea snake's attack.
You stomp with the beat, sending a shockwave through the revellers around you!
The merfolk avatar is almost dead.
The sea snake is severely wounded.
The drowned soul is severely damaged.
You can no longer stomp with the beat.
The merfolk avatar falters for a moment.
You block the drowned soul's attack.
The sea snake bites you but does no damage.
Unknown command.
Your unstable footing causes you to fumble your attack.
You block the drowned soul's attack. The drowned soul touches you.
The drowned soul drowns you!
* * * LOW HITPOINT WARNING * * *
The merfolk avatar chants its luring song.
The drowned soul touches you. The drowned soul drowns you!
* * * LOW HITPOINT WARNING * * *
You block the sea snake's attack.
Unknown command.
Okay, then.
Aiming: Corrosive Bolt
Press: ? - help, Shift-Dir - straight line, f - merfolk avatar
Aim: a merfolk avatar (water, almost dead, mesmerising, 67% to hit)
The bolt of acid hits the merfolk avatar!!
The merfolk avatar is splashed with acid.
The acid corrodes the merfolk avatar!
You break out of your daze!
You kill the merfolk avatar!
The drowned soul returns to the deep! x3; The sea snake bites you!
You die...

≈≈≈≈≈≈≈≈≈≈≈.....#
#..≈≈≈≈
≈..≈≈≈..≈)≈.....#
..≈≈≈≈
..≈≈≈.........###
....≈≈
....≈≈..≈≈....#
...
≈>..≈....#....#
≈≈..≈.≈.##..≈.##.
.≈..≈≈≈≈........≈≈
......≈≈≈......≈≈≈
#....≈≈≈@.......S≈
....≈≈≈S........≈
......≈≈..≈....≈.
.........≈≈....≈≈
..............#.≈
.?..............
................
...............


You could see a sea snake.

Vanquished Creatures
  Rupert (Lair:3)
  Kirke (D:14)
  The ghost of Pibbaybb the Carver, a journeyman MiFi of Yredelemnul (D:14)
  2 merfolk impalers (Shoals:1)
  A deep elf high priest (D:14)
  Josephine (Shoals:1)
  A fire dragon (Lair:6)
  Erolcha (D:9)
  7 hydras
  2 ogre magi (Orc:2)
  6 two-headed ogres
  3 catoblepae
  5 boulder beetles
  4 centaur warriors
  A death knight (D:10)
  2 merfolk avatars
  An alligator (Lair:6)
  4 tengu warriors
  6 death yaks
  Urug (Orc:2)
  Nergalle (Orc:1)
  A sea snake (Shoals:1)
  4 skeletal warriors (D:15)
  2 orc knights
  A wizard (D:14)
  A lindwurm (Lair:6)
  4 deep elf pyromancers
  7 harpies (Shoals:1)
  2 necromancers
  9 orc sorcerers (Orc:2)
  3 oklob plants
  6 fauns (Shoals:1)
  7 manticores
  15 ugly things
  10 elephants
  2 cyclopes
  4 merfolk sirens (Shoals:1)
  Joseph (D:7)
  3 ice statues (IceCv)
  A gargoyle (D:11)
  6 black mambas
  Maggie (D:9)
  16 cane toads
  A rime drake (shapeshifter) (D:14)
  8 rime drakes
  6 torpor snails (Lair:6)
  Psyche (D:9)
  A yaktaur (D:15)
  3 efreet
  2 freezing wraiths
  7 komodo dragons
  9 ice devils (IceCv)
  A tengu conjurer (D:15)
  9 trolls
  3 jumping spiders (Lair:2)
  12 polar bears
  A queen bee (D:14)
  2 meliai (D:14)
  11 hornets
  4 merfolk
  4 tyrant leeches (Lair:6)
  8 slime creatures
  A dream sheep (shapeshifter) (D:15)
  4 snapping turtles
  9 blink frogs
  2 raiju (Lair:6)
  5 redbacks (Lair:2)
  3 vampires
  Eustachio (D:6)
  Sigmund (D:6)
  11 wraiths
  A wyvern (D:9)
  A human (shapeshifter) (D:14)
  7 basilisks
  A steam dragon (Lair:3)
  63 yaks
  7 vampire mosquitoes
  Menkaure (D:7)
  6 wargs
  2 acid dragons
  6 water moccasins
  Duvessa (D:7)
  15 hell hounds (Lair:6)
  18 orc warriors
  14 black bears
  A hornet zombie (D:6)
  A black bear (shapeshifter) (D:15)
  6 necrophages
  An ice beast (D:7)
  6 boggarts
  51 wolves
  8 ogres
  6 centaurs
  The ghost of Anon1729 the Magician, an amateur DjVM (D:3)
  A kobold brigand (D:6)
  11 bullfrogs
  2 scorpions
  2 gnoll sergeants (D:12)
  A water moccasin skeleton (D:7)
  Dowan (D:7)
  8 killer bees
  4 wights
  7 electric eels
  10 howler monkeys
  8 centaur zombies
  2 bullfrog zombies (D:6)
  6 jellies
  A draconian simulacrum (IceCv)
  15 orc priests
  6 hounds
  2 human zombies
  A centaur skeleton (D:7)
  A gnoll shaman (D:3)
  Crazy Yiuf (D:6)
  39 orc wizards
  2 iguanas
  3 troll simulacra (IceCv)
  A spriggan simulacrum (IceCv)
  A killer bee zombie (D:7)
  2 centaur simulacra (IceCv)
  A hound zombie (D:5)
  3 mummies (Ossuary)
  A howler monkey zombie (D:7)
  5 gnolls
  10 adders
  A naga simulacrum (IceCv)
  2 ogre simulacra (IceCv)
  2 river rats (D:3)
  A shadow imp (D:8)
  16 white imps
  2 adder zombies (Ossuary)
  7 worms
  3 dart slugs
  114 orcs
  33 endoplasms
  18 giant cockroaches
  6 goblins
  12 hobgoblins
  7 jackals
  12 quokkas
  19 ball pythons
  4 bats
  10 frilled lizards
  4 hobgoblin zombies (Ossuary)
  16 kobolds
  5 kobold zombies (Ossuary)
  An orc zombie (Ossuary)
  2 quokka zombies (Ossuary)
  5 rats
  3 rat zombies (Ossuary)
975 creatures vanquished.

Vanquished Creatures (others)
  An orc wizard (D:10)
  An orc (Orc:2)
  24 fungi
  44 plants
  3 withered plants
73 creatures vanquished.

Grand Total: 1048 creatures vanquished

Notes
Turn   | Place    | Note
-------+----------+-------------------------------------------
     0 | D:1      | tilp the Vine Stalker Brigand began the quest for the Orb.
     0 | D:1      | Reached XP level 1. HP: 11/11 MP: 2/2
    86 | D:1      | Reached XP level 2. HP: 15/15 MP: 3/3
   552 | D:1      | Reached XP level 3. HP: 14/19 MP: 2/4
  1734 | D:2      | Gained mutation: Your natural rate of healing is unusually
                  | fast. [Vine Stalker growth]
  1734 | D:2      | Reached XP level 4. HP: 23/23 MP: 5/5
  2469 | D:3      | Reached XP level 5. HP: 26/28 MP: 6/6
  2479 | D:3      | Found a glowing drain.
  2483 | Sewer    | Entered a sewer
  2766 | Sewer    | Reached skill level 1 in Dodging
  2766 | Sewer    | Reached XP level 6. HP: 22/33 MP: 4/7
  2845 | Sewer    | Reached skill level 5 in Stealth
  3254 | D:3      | HP: 1/33 [gnoll shaman/+0 club (6)]
  3390 | D:3      | Found a runed translucent gate.
  3396 | D:3      | Found a runed translucent gate.
  3396 | D:3      | Identified the +6 whip of Eternal Night {holy, rF+}
  3396 | D:3      | Identified the +2 scale mail of Lifelessness {rN+}
  3397 | D:3      | Found a runed translucent gate.
  3399 | D:3      | Noticed Anon1729's ghost (amateur DjVM)
  3560 | D:3      | Found a faded altar of an unknown god.
  3730 | D:3      | Reached XP level 7. HP: 34/37 MP: 6/8
  4233 | D:4      | Reached skill level 5 in Short Blades
  4559 | D:4      | Found a glowing golden altar of the Shining One.
  4711 | D:4      | Noticed a wraith
  4743 | D:4      | Killed a wraith
  5102 | D:5      | Entered Level 5 of the Dungeon
  5167 | D:5      | Gained mutation: You have razor-sharp teeth. [Vine Stalker
                  | growth]
  5167 | D:5      | Reached XP level 8. HP: 29/42 MP: 9/9
  5226 | D:5      | Found an opulent altar of Gozag.
  5384 | D:5      | Reached skill level 5 in Fighting
  5722 | D:6      | Noticed Eustachio
  5741 | D:6      | Killed Eustachio
  5773 | D:6      | Found a staircase to the Ecumenical Temple.
  5782 | Temple   | Entered the Ecumenical Temple
  5835 | Temple   | Became a worshipper of Uskayaw the Reveller
  5894 | D:6      | Reached * piety under Uskayaw
  5898 | D:6      | Reached ** piety under Uskayaw
  5904 | D:6      | Reached XP level 9. HP: 40/48 MP: 7/10
  5913 | D:6      | Reached *** piety under Uskayaw
  6149 | D:6      | Noticed Sigmund
  6151 | D:6      | Killed Sigmund
  6192 | D:6      | Reached **** piety under Uskayaw
  6729 | D:6      | Found a runed translucent door.
  6730 | D:6      | Noticed Crazy Yiuf
  6739 | D:6      | Killed Crazy Yiuf
  6825 | D:7      | Found an ornate altar of the Wu Jian Council.
  7006 | D:7      | Reached ***** piety under Uskayaw
  7036 | D:7      | Reached ****** piety under Uskayaw
  7052 | D:7      | Found an ancient bone altar of Kikubaaqudgha.
  7076 | D:7      | Noticed Menkaure
  7090 | D:7      | Killed Menkaure
  7095 | D:7      | Noticed Duvessa
  7117 | D:7      | Noticed Dowan
  7152 | D:7      | Killed Dowan
  7153 | D:7      | Reached XP level 10. HP: 53/53 MP: 11/11
  7174 | D:7      | Killed Duvessa
  7255 | D:7      | Found a hazy altar of Hepliaklqana.
  7255 | D:7      | Found a blossoming altar of Fedhas.
  7322 | D:7      | Reached skill level 10 in Stealth
  7342 | D:7      | Noticed Joseph
  7362 | D:7      | Killed Joseph
  7363 | D:7      | Reached skill level 10 in Short Blades
  7363 | D:7      | Reached skill level 1 in Invocations
  7376 | D:7      | Reached skill level 1 in Evocations
  7575 | D:7      | Found a shimmering altar of Xom.
  7713 | D:8      | Found a sand-covered staircase.
  7747 | Ossuary  | Entered an ossuary
  7923 | D:8      | Found a sparkling altar of Nemelex Xobeh.
  8494 | D:8      | Identified a scroll of acquirement
  8494 | D:8      | Acquired 771 gold pieces
  8685 | D:9      | Found a shadowy altar of Dithmenos.
  8687 | D:9      | Noticed Maggie
  8712 | D:9      | Killed Maggie
  8738 | D:9      | Noticed Psyche
  8745 | D:9      | Killed Psyche
  9019 | D:9      | Noticed a two-headed ogre
  9032 | D:9      | Killed a two-headed ogre
  9348 | D:9      | Noticed Erolcha
  9358 | D:9      | Killed Erolcha
  9359 | D:9      | Reached skill level 1 in Armour
  9359 | D:9      | Reached skill level 1 in Shields
  9359 | D:9      | Reached XP level 11. HP: 21/56 MP: 16/16
  9740 | D:10     | Entered Level 10 of the Dungeon
  9740 | D:10     | Noticed a death knight
  9744 | D:10     | Killed a death knight
 10091 | D:10     | Found a staircase to the Orcish Mines.
 11066 | D:11     | Reached XP level 12. HP: 52/63 MP: 18/18
 11106 | D:11     | Found a staircase to the Lair.
 11630 | D:11     | Found a snail-covered altar of Cheibriados.
 11998 | D:3      | Killed Anon1729's ghost
 12223 | D:12     | Noticed a boulder beetle
 12246 | D:12     | Killed a boulder beetle
 12247 | D:12     | Reached skill level 5 in Dodging
 12283 | D:12     | Noticed a six-headed hydra
 12307 | D:12     | Killed a six-headed hydra
 12698 | D:12     | Noticed Dawnonicku's ghost (journeyman DrBe)
 12699 | D:12     | Found a runed translucent door.
 12823 | D:12     | Noticed a two-headed ogre
 12855 | D:12     | Killed a two-headed ogre
 13407 | D:12     | Noticed a two-headed ogre
 13413 | D:12     | Killed a two-headed ogre
 13533 | Lair:1   | Entered Level 1 of the Lair of Beasts
 13598 | Lair:1   | Reached skill level 10 in Invocations
 13623 | Lair:1   | Reached XP level 13. HP: 29/71 MP: 10/21
 13891 | Lair:1   | Reached skill level 10 in Fighting
 15317 | Lair:2   | Found a hole to the Spider Nest.
 15417 | Lair:2   | Found a runed translucent gate.
 15417 | Lair:2   | Found a runed translucent gate.
 15429 | Lair:2   | Found a runed translucent gate.
 15430 | Lair:2   | Noticed ma3's ghost (journeyman OpTm)
 16237 | Lair:3   | Noticed Rupert
 16241 | Lair:3   | Reached skill level 5 in Evocations
 16914 | Lair:3   | Reached XP level 14. HP: 66/77 MP: 22/22
 17084 | Lair:3   | Killed Rupert
 17808 | Lair:4   | Found a staircase to the Shoals.
 18920 | Lair:5   | Identified the +1 chain mail "Fishra" {rPois rF- Str+5}
 19421 | Lair:6   | Entered Level 6 of the Lair of Beasts
 19592 | Lair:6   | Reached skill level 5 in Armour
 19677 | Lair:6   | Identified the +0 leather armour "Refukh" {Harm *Slow rElec
                  | Stlth+}
 19857 | Lair:6   | Found a staircase to the Slime Pits.
 20105 | Lair:6   | Found a runed translucent door.
 20152 | Lair:6   | Paralysed by a hornet for 1 turns
 20165 | Lair:6   | Reached XP level 15. HP: 38/83 MP: 24/24
 21652 | Orc:1    | Entered Level 1 of the Orcish Mines
 21652 | Orc:1    | Found Saelioc's Assorted Antiques.
 22016 | Orc:1    | Bought a viscous amethyst potion for 26 gold pieces
 22016 | Orc:1    | Bought a scroll labelled DIYTO CAOT for 29 gold pieces
 22021 | Orc:2    | Entered Level 2 of the Orcish Mines
 22244 | Orc:2    | Noticed Urug
 22267 | Orc:2    | Killed Urug
 22392 | Orc:1    | Noticed Nergalle
 22406 | Orc:1    | Killed Nergalle
 22522 | Orc:2    | Found Xasixer's Assorted Antiques.
 22526 | Orc:2    | Found a staircase to the Elven Halls.
 22958 | Orc:2    | Paralysed by an ogre mage for 5 turns
 22989 | Orc:2    | Found Yhihont's Antique Armour Emporium.
 23010 | Orc:2    | Found an ancient bone altar of Kikubaaqudgha.
 23052 | Orc:2    | Found a radiant altar of Vehumet.
 23097 | Orc:2    | Found Fellucia's Magic Scroll Shoppe.
 23146 | Orc:2    | Found Sigux's Distillery.
 23154 | Orc:2    | Found Yxoniase's Book Emporium.
 23230 | Orc:2    | Bought a scroll of enchant weapon for 120 gold pieces
 23230 | Orc:2    | Bought a scroll of identify for 32 gold pieces
 23230 | Orc:2    | Bought a scroll of identify for 32 gold pieces
 23271 | Orc:2    | Bought a scroll of enchant weapon for 225 gold pieces
 23271 | Orc:2    | Bought a scroll of enchant weapon for 225 gold pieces
 23273 | Orc:2    | Bought a bound copper ring for 150 gold pieces
 23273 | Orc:2    | Identified the ring "Tuosuing" {+Blink Fly rCorr Str-4
                  | SInv} (You bought it in a shop on level 2 of the Orcish
                  | Mines)
 23276 | Orc:2    | Bought a small brass ring for 150 gold pieces
 23315 | Orc:2    | Bought a distressingly furry scale mail for 216 gold pieces
 23315 | Orc:2    | Identified the +6 scale mail of Gemohisu {Int+5} (You
                  | bought it in a shop on level 2 of the Orcish Mines)
 23315 | Orc:2    | Bought an embroidered cloak for 180 gold pieces
 23315 | Orc:2    | Bought a distressingly furry troll leather armour for 480
                  | gold pieces
 23315 | Orc:2    | Identified the +2 troll leather armour of Disaster {Will+
                  | Regen+ Str+4 Dex+5} (You bought it in a shop on level 2 of
                  | the Orcish Mines)
 23315 | Orc:2    | Bought a heavily runed chain mail for 228 gold pieces
 23315 | Orc:2    | Identified the +7 chain mail "Taphucwy" {rF+ rN+ Int+3
                  | Stlth+} (You bought it in a shop on level 2 of the Orcish
                  | Mines)
 24158 | D:14     | Identified the +3 ring mail of Bototac {Will+ Dex+6 Stlth-}
 24287 | D:14     | Found a frozen archway.
 24325 | IceCv    | Entered an ice cave
 24753 | D:14     | Found a transporter.
 24758 | D:14     | Found a transporter.
 24759 | D:14     | Noticed Pibbaybb's ghost (journeyman MiFi)
 24789 | D:14     | Reached XP level 16. HP: 56/88 MP: 22/26
 24933 | D:14     | Found a large runed translucent door.
 24937 | D:14     | Found a large runed translucent door.
 24938 | D:14     | Found a large runed translucent door.
 24939 | D:14     | Found a large runed translucent door.
 25136 | D:14     | Reached skill level 10 in Dodging
 25137 | D:14     | Found a large runed translucent door.
 25159 | D:14     | Found a large runed translucent door.
 25297 | D:14     | Noticed Kirke
 25309 | D:14     | Killed Kirke
 25395 | D:14     | Found a large runed translucent door.
 25452 | D:14     | Found a gate to the Vaults.
 25509 | D:14     | Found a large runed translucent door.
 25577 | D:14     | Identified the ring "Aprim" {rElec rC- rN+ Str+7 Int-5}
 25579 | D:14     | Identified the +3 cloak of Ytom {rElec rPois}
 25723 | D:14     | Killed Pibbaybb's ghost
 25812 | D:15     | Entered Level 15 of the Dungeon
 26474 | D:15     | Found a staircase to the Depths.
 27042 | Shoals:1 | Entered Level 1 of the Shoals
 27241 | Shoals:1 | Reached skill level 5 in Shields
 27279 | Shoals:1 | Noticed Josephine
 27297 | Shoals:1 | Killed Josephine
 27417 | Shoals:1 | Reached XP level 17. HP: 93/93 MP: 27/27
 27879 | Shoals:2 | Upgraded the game from 0.27-a0-1006-g1fd4cec11e to
                  | 0.27-a0-1036-g8e1b44f6bd
 27979 | Shoals:2 | HP: 3/93 [drowned by a drowned soul[a merfolk avatar] (8)]
 27980 | Shoals:2 | Slain by a sea snake

Illustrated notes

Levels and vault maps discovered:
D:1:      lemuel_arrival_muddy, layout_basic, chequers_serial_rivers_small_a
D:2:      layout_basic, minmay_pentomino_z2
D:3:      layout_basic, gup_sewer_entry_spiral, biasface_ghost_orc_armoury,
          hellmonk_ecumenical_altar_prayer_group, kennysheep_generic_room_2
D:4:      cheibrodos_pilgrimage, layout_basic, kennysheep_little_box,
          minmay_increasing_density
D:5:      minmay_chambers_of_threes, layout_rooms, amcnicky_altar_gilded,
          ebering_dispersal_statue_hall
D:6:      layout_loops_ring, lemuel_temple_firewalk_b, uniq_crazy_yiuf_cottage,
          uniq_sigmund, uniq_eustachio
D:7:      layout_cave_pools, lemuel_mausoleum_altar_kikubaaqudgha,
          nicolae_wu_jian_immortal_techniques, lemuel_doored_altar,
          chequers_temple_overflow_statue_of_worship, nrook_pool_corridor,
          minivault_26, uniq_joseph, uniq_menkaure, uniq_duvessa
D:8:      layout_loops_ring, general_overflow_altar,
          nicolae_ossuary_entry_monument
D:9:      layout_cave_pods, lemuel_crystal_altar, uniq_maggie, uniq_erolcha,
          uniq_psyche
D:10:     minmay_recursive_quarters, layout_rooms, hiddenorc2_lemuel
D:11:     layout_long_grid, erik_lair_island, slow_altar_1
D:12:     layout_loops_corners, gammafunk_ghost_grave, minmay_fractal_squares_5
D:13:     layout_loops_ring, chequers_hall_statues_corner_a
D:14:     minmay_five_octagons, layout_irregular_city, david_vaults_1,
          gammafunk_ghost_hive, portal_ice_cave_entry_imps, uniq_kirke
D:15:     hangedman_depths_entry_try_elsewhere_first, layout_layer_cave,
          roderic_lattice_octagonal_star
Temple:   nicolae_temple_god_jail
Lair:1:   layout_cave_shapes, serial_bayou_shore_b
Lair:2:   lemuel_slime, layout_misc_corridors,
          nicolae_spider_entry_tight_spaces, gammafunk_ghost_necromancy,
          nicolae_quartered_pool_little, serial_bayou_shore_a
Lair:3:   layout_chaotic_city, uniq_rupert
Lair:4:   layout_long_grid, elwin_shoals_entry_rocks
Lair:5:   layout_layer_cave, minmay_lair_drake_nest, serial_bayou_shore_b,
          grunt_megastairs_4
Lair:6:   wormcave, layout_long_grid, hangedman_lair_caniforms_friends,
          minmay_slime_entry_oklob_open, serial_bayou_shore_b
Shoals:1: layout_shoals, argonaut_gorgonesque, uniq_josephine
Shoals:2: layout_shoals, uniq_roxanne
Orc:1:    layout_caves, serial_shops, shop_coins, lightli_orcish_oven,
          uniq_nergalle
Orc:2:    kennysheep_orc_mage_school, layout_caves, serial_shops, shop,
          uniq_urug

Skill      XL: |  1  2  3  4  5  6  7  8  9 10 11 12 13 14 15 16 |
---------------+-------------------------------------------------+-----
Fighting       | 2 3 4 6 7 9 10 11 12 | 12.3
Short Blades   | 2 3 4 6 7 9 10 11 12 | 12.3
Dodging        | 1 2 4 6 7 9 10 | 10.4
Stealth        | 5 6 9 10 11 12 | 12.8
Invocations    | 6 7 10 11 12 | 12.4
Evocations     | 4 5 6 8 9 |  9.1
Armour         | 1 2 3 5 6 |  6.8
Shields        | 1 4 5 |  5.3
Throwing       | |  1.7

Action                   |  1- 3 |  4- 6 |  7- 9 | 10-12 | 13-15 | 16-18 || total
-------------------------+-------+-------+-------+-------+-------+-------++-------
Melee: Dagger            |   120 |   265 |   412 |   993 |  1544 |   512 ||  3846
       Bite              |    28 |    69 |   170 |   448 |   621 |   211 ||  1547
Throw: Dart              |       |     4 |    32 |    13 |    19 |     6 ||    74
Invok: Stomp             |       |       |       |     4 |    11 |     7 ||    22
Evoke: Wand              |       |       |     2 |    10 |     6 |     3 ||    21
       Lightning rod     |       |       |       |       |     8 |       ||     8
       Condenser vane    |       |       |       |       |     1 |       ||     1
  Use: Scroll            |       |     2 |     9 |    17 |    19 |     2 ||    49
       Potion            |       |       |       |       |     2 |       ||     2
 Stab: Sleeping          |    11 |    10 |     8 |    13 |    30 |    18 ||    90
       Distracted        |       |     1 |     1 |     1 |     7 |     1 ||    11
       Paralysed         |       |       |     7 |    33 |    92 |    39 ||   171
Armor: Robe              |    35 |     1 |       |       |       |       ||    36
       Leather armour    |       |    59 |     6 |       |       |       ||    65
       Scale mail        |       |       |   111 |   284 |   429 |       ||   824
       Skin              |       |       |     2 |       |       |       ||     2
       Chain mail        |       |       |       |       |    46 |    51 ||    97
       Troll leather arm |       |       |       |       |       |   103 ||   103
Dodge: Dodged            |    58 |    92 |   127 |   303 |   660 |   298 ||  1538
Block: Buckler           |       |       |    11 |   147 |   270 |    16 ||   444
       Kite shield       |       |       |       |       |       |   341 ||   341
       Reflection        |       |       |       |       |       |    14 ||    14

Table legend: (Time is in decaauts)
 A = Elapsed time spent in this place.
 B = Non-inter-level travel time spent in this place.
 C = Inter-level travel time spent in this place.
 D = Time resting spent in this place.
 E = Time spent auto-exploring this place.
 F = Levels seen in this place.
 G = Mean time per level.
                   A        B        C        D        E       F      G
               +--------+--------+--------+--------+--------+-----+--------+
         Total |  26689 |  24701 |   1988 |   1817 |  16619 |  29 |  920.3 |
       Dungeon |  15483 |  14172 |   1311 |    868 |   9991 |  15 | 1032.2 |
        Temple |     63 |     35 |     28 |      0 |     34 |   1 |   63.0 |
          Lair |   7624 |   7234 |    390 |    799 |   5065 |   6 | 1270.7 |
        Shoals |    990 |    970 |     20 |     61 |    462 |   2 |  495.0 |
  Orcish Mines |   1603 |   1365 |    238 |     16 |    823 |   2 |  801.5 |
         Sewer |    447 |    447 |      0 |     70 |     75 |   1 |  447.0 |
       Ossuary |    139 |    139 |      0 |      0 |     26 |   1 |  139.0 |
      Ice Cave |    337 |    337 |      0 |      0 |    142 |   1 |  337.0 |
               +--------+--------+--------+--------+--------+-----+--------+

Top non-repeatable levels by time:
  Lair:6: 1933 daAuts
     D:1: 1438 daAuts
  Lair:2: 1378 daAuts
     D:3: 1359 daAuts
  Lair:3: 1301 daAuts
     D:9: 1262 daAuts
    D:12: 1230 daAuts
  Lair:5: 1193 daAuts
    D:11: 1134 daAuts
   Orc:2: 1103 daAuts
    D:14: 1095 daAuts
     D:4: 1048 daAuts
    D:15: 1042 daAuts
     D:6: 997 daAuts
     D:2: 982 daAuts
